 Dungeon Crawl Stone Soup version 0.32-a0-961-gd60f5e5fc7 (webtiles) character file.

Game seed: 5723618803028739842

4691 drunkbafoobis the Skirmisher (level 10, 0/82 HPs)
             Began as a Coglin Hunter on Apr 17, 2024.
             Was an Initiate of Gozag.
             Slain by an orc warrior
             ... wielding a +0 war axe of freezing
              (2 damage)
             ... on level 8 of the Dungeon.
             The game lasted 00:13:50 (7910 turns).

drunkbafoobis the Skirmisher (Coglin Hunter)        Turns: 7910, Time: 00:13:51

Health: 0/82       AC:  7    Str: 12    XL:     10   Next: 44%
Magic:  10/10      EV: 11    Int:  9    God:    Gozag
Gold:   590        SH:  0    Dex: 21    Spells: 9/9 levels left

rFire   + . .        a - +2 sling {Ana}
rCold   + . .        d - +0 sling {Astrid}
rNeg    . . .        c - +0 leather armour
rPois   .            (no helmet)
rElec   .            u - scarf {rC+ rF+}
rCorr   .            C - +2 pair of gloves {hurl}
SInv    .            E - +0 pair of boots
Will    .....        (amulet unavailable)
Stlth   ++           (ring unavailable)
HPRegen 0.33/turn    (ring unavailable)
MPRegen 0.12/turn    (no gizmo)

%: no passive effects
@: revved
A: off-hand wielding, slow wielding, warmup strikes, no jewellery
a: Invent Gizmo, Renounce Religion, Potion Petition, Call Merchant, Bribe Branch


You were on level 8 of the Dungeon.
You worshipped Gozag.
Gozag was pleased with you.
You visited 2 branches of the dungeon, and saw 10 of its levels.

You collected 1171 gold pieces.
You spent 354 gold pieces at shops.
You paid 227 gold pieces to Gozag.


Innate Abilities, Weirdness & Mutations

You can wield a second weapon in your off-hand.
It takes a long time for you to wield or remove held weapons.
Your first few attacks do less damage.
You cannot equip rings or amulets.


   Skills:
 + Level 8.9 Fighting
 * Level 4.9 Long Blades
 - Level 11.0 Ranged Weapons
 - Level 1.7 Dodging
 - Level 0.7 Stealth


You had 9 spell levels left.
You didn't know any spells.
Your spell library contained the following spells:

 Spells                   Type           Power      Damage    Failure   Level
 Slow                     Hex            0%         N/A       45%         1
 Sting                    Conj/Alch      0%         1d3       45%         1
 Lesser Beckoning         Tloc           0%         N/A       61%         2
 Mercury Vapours          Alch/Air       0%         N/A       61%         2
 Confusing Touch          Hex            0%         N/A       83%         3
 Maxwell's Portable Pile  Tloc           0%         2d(5-13)  83%         3
 Sigil of Binding         Hex            0%         N/A       83%         3
 Teleport Other           Tloc           0%         N/A       83%         3
 Vampiric Draining        Necr           0%         2d6       83%         3
 Anguish                  Hex/Necr       0%         N/A       99%         4
 Cause Fear               Hex            0%         N/A       99%         4
 Olgreb's Toxic Radiance  Alch           0%         N/A       99%         4
 Enfeeble                 Hex            0%         N/A       100%        7

Inventory:

Hand Weapons
 a - a +2 sling (weapon) {Ana}
 d - a +0 sling (offhand) {Astrid}
 K - the +11 long sword of Trauma {heavy, SInv Stlth+}
   (You found it on level 8 of the Dungeon)

   SInv:      It lets you see invisible.
   Stlth+:    It makes you more stealthy.
Missiles
 f - 25 poisoned darts
 h - 78 stones
 F - 2 atropa-tipped darts (quivered)
Armour
 c - a +0 leather armour (worn)
 u - a scarf of resistance (worn)
   (You found it on level 4 of the Dungeon)
 C - a +2 pair of gloves of hurling (worn)
   (You bought it in a shop on level 2 of the Dungeon)
 E - a +0 pair of boots (worn)
   (You found it on level 6 of the Dungeon)
Magical Staves
 y - a staff of alchemy {!a}
   (You found it on level 5 of the Dungeon)
 z - a staff of fire {!a}
   (You found it on level 5 of the Dungeon)
Wands
 J - a wand of digging (10)
   (You found it on level 8 of the Dungeon)
Scrolls
 b - a scroll of butterflies
 i - a scroll of noise {unknown}
 k - a scroll of brand weapon {unknown}
 m - a scroll of amnesia {unknown}
 n - 5 scrolls of identify {unknown}
 o - 6 scrolls of fog {unknown}
 r - 2 scrolls of immolation {unknown}
 v - a scroll of vulnerability {unknown}
 w - 3 scrolls of blinking {unknown}
 x - a scroll of enchant weapon {unknown}
 A - a scroll of teleportation {unknown}
 B - 2 scrolls of poison {unknown}
 I - a scroll of enchant armour {unknown}
Potions
 e - 2 potions of brilliance {unknown}
 g - 2 potions of heal wounds {@q2}
 j - 2 potions of might {unknown}
 l - 2 potions of enlightenment
 p - 2 potions of resistance {unknown}
 q - 3 potions of haste {unknown}
 s - 2 potions of curing {unknown}
 t - 2 potions of mutation {unknown}
 D - 2 potions of cancellation {unknown}
 G - 2 potions of degeneration {unknown}
 H - 2 potions of magic {unknown}

Dungeon Overview and Level Annotations

Branches:
Dungeon (9/15) Zot: 26478  Temple (1/1) D:4 Zot: 5983
   Lair: D:8-11         Orc: D:9-12

Altars:
Ashenzari
Cheibriados
Dithmenos
Elyvilon
Fedhas
Gozag
Hepliaklqana
Kikubaaqudgha
Makhleb
Nemelex Xobeh
Okawaru
Qazlal
Sif Muna
Trog
Uskayaw
Vehumet
Wu Jian
Xom
Yredelemnul
Zin
The Shining One

Shops:
D:2 *   D:4 ::([   D:8 *

Annotations:
D:3 3 runed translucent doors, Hsik's ghost, amateur DjCK
D:9 Harold

........................)..##.###
..........................##..#.#
.................................
...#.#..........................#
>.##.###.......#...[..).......###
...#..#....#####...............##
..........[.# #.................#
...........)####.o....<####....##
#.#.......).##.<@##....####.##.##
#####.##...[.....#..#.....#.....#
#...####...........###..#.....#
###...###............#...#......#
#.....##...........###..........#
...........#....>### #..#........
##.......######### ######......
###.....# #....... ####.##
###.....


You could see an orc warrior.


Message History

Harold throws a throwing net.
The throwing net hits you.
You become entangled in the net! 😨 HP[+1]
You tear a large gash into the net.
Harold closely misses you.
You struggle against the net.
Harold barely misses you.
You rip the net and break free!
The orc shouts!
The orc is no longer distracted by gold.
Harold barely misses you. 😨 HP[+1] Harold gestures at you while chanting.
A sentinel's mark forms upon you.
You climb upwards.
Reactivating autopickup.
There is a stone staircase leading down here.
You start resting.
The sentinel's mark upon you fades away. 😮 HP[+19]
You regained 19 hp, and now have 56/82 hp.
You start resting. 😎 HP[+26]
Your hp is fully restored (82).
Things that are here:
a +0 leather armour; a +0 whip
There is a stone staircase leading up here.
There is a stone staircase leading down here.
You climb downwards.
Level annotation: Harold The centaur shoots an arrow.
The arrow closely misses you.
The centaur shoots an arrow.
The arrow closely misses you.
The orc wizard mumbles some strange words.
The orc wizard flickers and vanishes!
Deactivating autopickup; reactivate with Ctrl-A.
There is a stone staircase leading up here.
You shoot a sling bullet. The sling bullet hits the orc.
You kill the orc!
You shoot a sling bullet. The sling bullet hits the centaur.
The centaur shoots an arrow.
The arrow barely misses you.
Throw: 3 darts (atropa)
Press: ? - help, Q - select action, (/) - cycle Shift-Dir - straight line, f - Harold
Aim: Harold, wielding a +0 halberd, wearing a +2 scale mail of positive energy and quivering 2 throwing nets (77% to hit, chance to blind on hit: 3%)
You throw an atropa-tipped dart.
The atropa-tipped dart closely misses the orc warrior.
The atropa-tipped dart hits the centaur.
The centaur appears confused.
The centaur seems less confused.
The centaur shoots an arrow.
The arrow completely misses the orc warrior.
The arrow hits you.
Harold is distracted by your dazzling golden aura. 😕 HP[-6]
You take 6 damage, and now have 76/82 hp.
Harold is no longer distracted by gold.
The centaur shoots an arrow.
The arrow closely misses you.
The orc warrior hits you with a +0 war axe of freezing!
The orc warrior freezes you.
The centaur shoots an arrow.
The arrow misses the orc.
The arrow barely misses you.
You climb upwards.
Reactivating autopickup.
There is a stone staircase leading down here. 😕 HP[-8]
You take 8 damage, and now have 68/82 hp.
You shoot a sling bullet.
The sling bullet hits the orc warrior but does no damage.
You shoot a sling bullet.
The sling bullet hits the orc warrior but does no damage.
The orc warrior hits you with a +0 war axe of freezing!
The orc warrior freezes you. 😮 HP[-15]
You take 15 damage, and now have 53/82 hp.
You shoot a sling bullet. The sling bullet hits the orc warrior.
You shoot a sling bullet.
The sling bullet barely misses the orc warrior.
The orc warrior hits you with a +0 war axe of freezing!
The orc warrior freezes you. 😮 HP[-9]
You take 9 damage, and now have 44/82 hp.
You shoot a sling bullet.
The sling bullet barely misses the orc warrior.
You shoot a sling bullet.
The sling bullet barely misses the orc warrior.
The orc warrior hits you with a +0 war axe of freezing!
* * * LOW HITPOINT WARNING * * *
The orc warrior freezes you.
* * * LOW HITPOINT WARNING * * *
😨 HP[-16]
You take 16 damage, and now have 28/82 hp.
You shoot a sling bullet.
The sling bullet hits the orc warrior but does no damage.
You shoot a sling bullet. The sling bullet hits the orc warrior.
The orc warrior hits you with a +0 war axe of freezing!
* * * LOW HITPOINT WARNING * * *
😱 HP[-13]
You take 13 damage, and now have 15/82 hp.
You shoot a sling bullet. The sling bullet hits the orc warrior.
You shoot a sling bullet. The sling bullet hits the orc warrior.
The orc warrior hits you with a +0 war axe of freezing!
* * * LOW HITPOINT WARNING * * *
The orc warrior freezes you.
You die...
Your body crumbles into a pile of gold.

Skill      XL: |  1  2  3  4  5  6  7  8  9 10 |
---------------+-------------------------------+-----
Ranged Weapons | 4 5 6 7 9 11 | 11.0
Fighting       | 3 4 5 6 8 |  8.9
Long Blades    | 2 4 |  4.9
Dodging        | |  1.7
Stealth        | |  0.7

Action                     |  1- 3 |  4- 6 |  7- 9 | 10-12 || total
---------------------------+-------+-------+-------+-------++-------
   Fire: Sling             |   142 |   236 |   634 |   106 ||  1118
  Throw: Dart              |       |       |       |     3 ||     3
 Invoke: Potion Petition   |       |       |     1 |       ||     1
  Evoke: Wand              |       |       |    11 |       ||    11
    Use: Potion            |       |       |     5 |       ||     5
 Armour: Leather armour    |     7 |    35 |   154 |    37 ||   233
  Dodge: Dodged            |     8 |    21 |   131 |    23 ||   183

Levels and vault maps discovered:
D:1:      sevenhm_arrival_forest_fort_large_3, layout_basic
D:2:      layout_basic, serial_shops, shop, shapermc_ecumenical_altar_hornbeckon
D:3:      layout_loops_ring, ebering_ghost_rock_garden
D:4:      layout_loops_ring, minmay_temple_entry_poolview, serial_shops, shop,
          nicolae_shop_mannequins, shop, nicolae_shop_tiny_statue_garden
D:5:      layout_basic
D:6:      minmay_razor_zed, layout_loops_ring, portal_sewer_entry_f
D:7:      layout_rooms, mainiacjoe_overflow_alcove_1, dreamdust_gnoll_farm
D:8:      layout_cave_pools, serial_shops, nicolae_shop_overgrown_old_shop,
          minmay_small_thing
D:9:      layout_loops_ring, orc_0_dummy, serial_shops, shop,
          nicolae_shop_firing_range, uniq_harold, uniq_pikel
Temple:   nicolae_temple_bog_church

Notes
Turn   | Place    | Note
-------+----------+-------------------------------------------
     0 | D:1      | drunkbafoobis the Coglin Hunter began the quest for the
                  | Orb.
     0 | D:1      | Reached XP level 1. HP: 16/16 MP: 1/1
     0 | D:1      | magus.rc [v1.11.7]
   357 | D:1      | Reached XP level 2. HP: 22/22 MP: 2/2
   416 | D:1      | Reached skill level 4 in Ranged Weapons
   940 | D:2      | Reached XP level 3. HP: 28/28 MP: 3/3
  1167 | D:2      | Found Jeony's Assorted Antiques.
  1172 | D:2      | Reached XP level 4. HP: 34/34 MP: 4/4
  1173 | D:2      | Reached skill level 3 in Fighting
  1198 | D:2      | You add the spells Lesser Beckoning, Teleport Other and
                  | Maxwell's Portable Piledriver to your library.
  1222 | D:2      | Found a faded altar of an unknown god.
  1857 | D:3      | Reached skill level 5 in Ranged Weapons
  2004 | D:3      | Noticed Hsik's ghost (amateur DjCK)
  2006 | D:3      | Found a runed translucent gate.
  2007 | D:3      | Found a runed translucent gate.
  2007 | D:3      | Found a runed translucent gate.
  2128 | D:4      | Reached XP level 5. HP: 41/41 MP: 5/5
  2152 | D:4      | Found Nolyuro's Book Boutique.
  2152 | D:4      | Noticed a walking frostbound tome
  2155 | D:4      | Noticed a walking frostbound tome
  2287 | D:4      | Found Tiesmase's Armour Boutique.
  2332 | D:4      | Found Ziest's Antique Weapon Shoppe.
  2506 | D:4      | Found Yrij's Book Emporium.
  2571 | D:4      | Found a staircase to the Ecumenical Temple.
  2580 | Temple   | Entered the Ecumenical Temple
  2589 | Temple   | Became a worshipper of Gozag Ym Sagoz the Greedy
  2883 | D:5      | Entered Level 5 of the Dungeon
  2902 | D:5      | Noticed a phantom
  2914 | D:5      | Killed a phantom
  2915 | D:5      | Reached XP level 6. HP: 14/48 MP: 6/6
  3071 | D:5      | Reached skill level 4 in Fighting
  3232 | D:5      | Reached skill level 6 in Ranged Weapons
  3265 | D:5      | Reached XP level 7. HP: 31/55 MP: 7/7
  3423 | D:5      | You add the spells Slow, Vampiric Draining and Confusing
                  | Touch to your library.
  3807 | D:2      | Bought a scroll labelled CAKYCO RERCH for 20 gold pieces
  3807 | D:2      | Bought a scroll labelled CIECIBBYLU for 20 gold pieces
  3807 | D:2      | Bought a scroll labelled CIECIBBYLU for 20 gold pieces
  3807 | D:2      | Bought 3 scrolls labelled SOD AZYHAUGYRU for 60 gold pieces
  3807 | D:2      | Bought a pair of glowing gloves for 150 gold pieces
  3917 | D:6      | Reached skill level 5 in Fighting
  3917 | D:6      | Reached skill level 7 in Ranged Weapons
  4119 | D:6      | You add the spells Sigil of Binding, Anguish, Cause Fear
                  | and Enfeeble to your library.
  4249 | D:6      | Reached XP level 8. HP: 52/62 MP: 8/8
  4422 | D:6      | Reached skill level 8 in Ranged Weapons
  4442 | D:6      | HP: 14/60 [wight/+3 short sword of freezing (2)]
  4445 | D:6      | Reached skill level 6 in Fighting
  4458 | D:6      | HP: 12/61 [phantom (5)]
  4466 | D:6      | HP: 11/64 [ice beast (1)]
  4468 | D:6      | HP: 4/64 [ice beast (2)]
  4468 | D:6      | HP: 1/64 [ice beast (3)]
  5010 | D:6      | Reached skill level 9 in Ranged Weapons
  5191 | D:6      | Reached XP level 9. HP: 50/71 MP: 9/9
  5317 | D:6      | You add the spells Sting, Mercury Vapours and Olgreb's
                  | Toxic Radiance to your library.
  5464 | D:7      | Reached skill level 7 in Fighting
  5843 | D:7      | Found a stormy altar of Qazlal.
  6123 | D:7      | Reached skill level 10 in Ranged Weapons
  6272 | D:8      | HP: 17/72 [killer bee (7)]
  6274 | D:8      | HP: 6/72 [killer bee (7)]
  6279 | D:8      | HP: 15/73 [killer bee (5)]
  6280 | D:8      | HP: 7/73 [killer bee (4)]
  6285 | D:8      | HP: 14/73 [poisoned by a killer bee]
  6290 | D:8      | HP: 10/73 [poisoned by a killer bee]
  6521 | D:8      | Found Jynguq's Assorted Antiques.
  6531 | D:8      | Bought a scroll labelled OGGURGHIUFFOI for 30 gold pieces
  6531 | D:8      | Bought 2 amethyst potions for 54 gold pieces
  6549 | D:8      | Reached skill level 8 in Fighting
  6645 | D:8      | Identified the +11 long sword of Trauma {heavy, SInv
                  | Stlth+}
  6909 | D:8      | Noticed a two-headed ogre
  6960 | D:8      | Killed a two-headed ogre
  6961 | D:8      | Reached skill level 2 in Long Blades
  6961 | D:8      | Reached skill level 11 in Ranged Weapons
  6961 | D:8      | Reached XP level 10. HP: 65/82 MP: 10/10
  7072 | D:8      | Noticed a two-headed ogre
  7133 | D:8      | Killed a two-headed ogre
  7134 | D:8      | Reached skill level 4 in Long Blades
  7429 | D:9      | Noticed Harold
  7909 | D:8      | HP: 15/82 [orc warrior/+0 war axe of freezing (13)]
  7910 | D:8      | HP: 2/82 [orc warrior/+0 war axe of freezing (14)]
  7910 | D:8      | Slain by an orc warrior

Vanquished Creatures
  2 two-headed ogres (D:8)
  A shadow (D:8)
  A wyvern (D:8)
  3 yaks (D:8)
  A steam dragon (D:7)
  A water moccasin (D:6)
  2 ice beasts
  A sky beast (D:6)
  2 orc warriors
  2 ogres
  A centaur (D:6)
  A kobold brigand (D:6)
  3 phantoms
  2 scorpions
  4 wights (D:6)
  5 killer bees (D:8)
  2 howler monkeys
  A bombardier beetle (D:5)
  2 orc priests
  A gnoll bouda (D:7)
  8 hounds
  5 sleepcaps
  An iguana (D:6)
  2 orc wizards
  23 gnolls
  2 adders
  A shadow imp (D:6)
  2 white imps (D:6)
  2 ufetubi (D:5)
  2 dart slugs
  2 ribbon worms (D:2)
  21 orcs
  3 ball pythons
  6 bats
  6 endoplasms
  3 giant cockroaches
  8 goblins
  3 hobgoblins
  12 kobolds
  10 quokkas
  3 frilled lizards
  5 rats (D:2)
168 creatures vanquished.

Table legend:
 A = Non-vault XP
 B = Vault XP
 C = Vault XP percentage of total XP
 D = Non-vault monster count
 E = Vault monster count
 F = Vault count percentage of total count
                 A         B        C        D         E       F
            +---------+---------+-------+---------+---------+-------
      Total |    4177 |    2525 |  37.7 |     145 |      23 |  13.7
            +---------+---------+-------+---------+---------+-------
        D:1 |      25 |       0 |   0.0 |      14 |       0 |   0.0
        D:2 |     103 |       0 |   0.0 |      24 |       0 |   0.0
        D:3 |      33 |       0 |   0.0 |      15 |       0 |   0.0
        D:4 |      71 |       0 |   0.0 |       9 |       0 |   0.0
        D:5 |     595 |       0 |   0.0 |      21 |       0 |   0.0
        D:6 |    1006 |     769 |  43.3 |      24 |      16 |  40.0
        D:7 |     745 |     105 |  12.4 |      19 |       5 |  20.8
        D:8 |    1520 |    1651 |  52.1 |      16 |       2 |  11.1
        D:9 |      79 |       0 |   0.0 |       3 |       0 |   0.0
            +---------+---------+-------+---------+---------+-------

Skill      XL: |  1  2  3  4  5  6  7  8  9 10 |
---------------+-------------------------------+-----
Ranged Weapons | 4 5 6 7 9 11 | 11.0
Fighting       | 3 4 5 6 8 |  8.9
Long Blades    | 2 4 |  4.9
Dodging        | |  1.7
Stealth        | |  0.7

Action                     |  1- 3 |  4- 6 |  7- 9 | 10-12 || total
---------------------------+-------+-------+-------+-------++-------
   Fire: Sling             |   142 |   236 |   634 |   106 ||  1118
  Throw: Dart              |       |       |       |     3 ||     3
 Invoke: Potion Petition   |       |       |     1 |       ||     1
  Evoke: Wand              |       |       |    11 |       ||    11
    Use: Potion            |       |       |     5 |       ||     5
 Armour: Leather armour    |     7 |    35 |   154 |    37 ||   233
  Dodge: Dodged            |     8 |    21 |   131 |    23 ||   183

Illustrated notes

Table legend:
 A = Kills in this place as a percentage of kills in the entire game.
 B = Kills by you in this place as a percentage of kills by you in the entire game.
 C = Kills by friends in this place as a percentage of kills by friends in the entire game.
 D = Other kills in this place as a percentage of other kills in the entire game.
 E = Experience gained in this place as a percentage of experience gained in the entire game.
 F = Experience gained in this place divided by the number of levels of this place that you have seen.
                   A       B       C       D       E      F
               +-------+-------+-------+-------+-------+----------------------
         Total | 100.0 | 100.0 |   N/A |   N/A | 100.0 | 670.2
       Dungeon | 100.0 | 100.0 |   N/A |   N/A | 100.0 | 744.7
               +-------+-------+-------+-------+-------+----------------------

Table legend: (Time is in decaauts)
 A = Elapsed time spent in this place.
 B = Non-inter-level travel time spent in this place.
 C = Inter-level travel time spent in this place.
 D = Time resting spent in this place.
 E = Time spent auto-exploring this place.
 F = Levels seen in this place.
 G = Mean time per level.
                   A        B        C        D        E       F      G
               +--------+--------+--------+--------+--------+-----+--------+
         Total |   7965 |   7473 |    492 |    501 |   5568 |  10 |  796.5 |
       Dungeon |   7948 |   7461 |    487 |    501 |   5568 |   9 |  883.1 |
        Temple |     16 |     11 |      5 |      0 |      0 |   1 |   16.0 |
               +--------+--------+--------+--------+--------+-----+--------+

Top non-repeatable levels by time:
     D:6: 1579 daAuts
     D:8: 1576 daAuts
     D:5: 924 daAuts
     D:1: 861 daAuts
     D:7: 849 daAuts
     D:4: 793 daAuts
     D:2: 688 daAuts
     D:3: 645 daAuts
     D:9: 31 daAuts
  Temple: 16 daAuts
